 Dungeon Crawl Stone Soup version 0.26-a0-651-gb41185065b (webtiles) character file.

Game seed: 711934409410839385

(classic levelgen) 4 EnegeticOcto the Sneak (level 1, 0/20 HPs)
             Began as a Deep Dwarf Delver on Oct 23, 2020.
             Slain by a gnoll
             ... wielding a +2 spear of venom
              (3 damage)
             ... on level 5 of the Dungeon.
             The game lasted 00:00:26 (55 turns).

EnegeticOcto the Sneak (Deep Dwarf Delver)            Turns: 55, Time: 00:00:26

Health: 0/20       AC:  3    Str: 15    XL:     1   Next: 50%
Magic:  0/0        EV: 12    Int: 10    God:
Gold:   6          SH:  0    Dex: 14    Spells: 0/0 levels left

rFire    . . .     SeeInvis .   a - +0 hand axe
rCold    . . .     Faith    .   (no shield)
rNeg     . . .     Spirit   .   b - +0 leather armour
rPois    .         Reflect  .   (no helmet)
rElec    .         Harm     .   (no cloak)
rCorr    .         Rampage  .   (no gloves)
MR       .....                  (no boots)
Stlth    +++.......             (no amulet)
HPRegen  0.00/turn              (no ring)
MPRegen  0.07/turn              (no ring)

@: lethally poisoned (0 -> 0), non-regenerating
A: damage resistance, heal wounds, sense surroundings 1, no regeneration
a: Heal Wounds


You were on level 5 of the Dungeon.
You visited 1 branch of the dungeon, and saw 1 of its levels.

You collected 6 gold pieces.

Inventory:

Hand Weapons
 a - a +0 hand axe (weapon)
Armour
 b - a +0 leather armour (worn)
Wands
 g - a wand of digging (3) {@v3}
Scrolls
 c - a scroll of fog
 d - a scroll of magic mapping {@r5}
 e - a scroll of fear
 h - a scroll of immolation {unknown}
Potions
 f - a potion of haste {@q4}


   Skills:
 - Level 2.6 Fighting
 + Level 2.6 Axes
 - Level 2.1 Dodging
 - Level 6.0 Stealth


You couldn't memorise any spells.
You didn't know any spells.
Your spell library was empty.

Dungeon Overview and Level Annotations

Branches:
Dungeon (5/15)
 Temple: D:4-7

Altars:
Cheibriados
Uskayaw
The Shining One

Annotations:
D:5 1 transporter


Innate Abilities, Weirdness & Mutations

You are resistant to damage.
You can heal yourself by infusing magical energy.
You passively map a small area around you.
You do not regenerate.


Message History

Welcome, EnegeticOcto the Deep Dwarf Delver.
Will you prevail where others failed? Will you find the Orb of Zot?
Press ? for a list of commands and other information.
Found a scroll labeled IKERER POKLEMP and 26 sling bullets.
Found a stone staircase leading down and a stone staircase leading up.
Found a robe.
Found a robe, a scale mail and a potion of haste.
Found a glowing golden altar of the Shining One.
Found 59 gold pieces.
Found a snail-covered altar of Cheibriados.
h - a scroll labeled IKERER POKLEMP
Found a scroll labeled GACUHA YGETTY.
The vampire mosquito buzzes angrily.
Found a transporter.
Found 27 arrows.
There is a stone staircase leading down here.
A leopard gecko comes into view.
The leopard gecko hisses angrily.
Found 6 gold pieces.
Found a quarterstaff.
There is a stone staircase leading up here.
The leopard gecko bites you but does no damage.
You hit the leopard gecko.
The leopard gecko is almost dead.
The leopard gecko barely misses you.
The leopard gecko completely misses you.
You barely miss the leopard gecko.
The leopard gecko is almost dead.
The leopard gecko barely misses you.
You closely miss the leopard gecko.
The leopard gecko is almost dead.
The leopard gecko closely misses you. The leopard gecko barely misses you.
You hit the leopard gecko.
You kill the leopard gecko!
No target in view!
You now have 6 gold pieces.
A gnoll comes into view. It is wielding a +2 spear of venom.
The gnoll shouts!
A gnoll comes into view. It is wielding a +0 flail.
The gnoll shouts!
The gnoll moves out of view.
You open the door. 3 orcs come into view.
The orc shouts! x3
An orc comes into view.
Found a hide-covered altar of Uskayaw.
There is an open door here.
You closely miss the orc. x2; The orc completely misses you.
The orc barely misses you. The gnoll barely misses you.
The orc closely misses you.
You barely miss the orc. You hit the orc. You completely miss the orc.
The orc barely misses you. The gnoll misses you. The orc barely misses you.
The orc hits you with a +0 whip. The orc hits you but does no damage.
You barely miss the orc.
The orc is lightly wounded.
You barely miss the orc. You hit the orc but do no damage.
The orc hits you with a +0 whip. The orc hits you.
The orc hits you with a +0 mace.
You hit the orc.
You kill the orc!
You hit the orc but do no damage. x2; The orc hits you but does no damage.
The orc closely misses you.
You hit the gnoll.
The gnoll is lightly wounded.
You hit the orc but do no damage. x2; You hit the orc.
The orc hits you with a +0 whip. The orc closely misses you.
The gnoll hits you from afar with a +2 spear of venom.
You are poisoned.
The orc hits you. 2 gnolls come into view.
The gnoll shouts!
The gnoll hits you with a +0 flail.
* * * LOW HITPOINT WARNING * * *
The gnoll barely misses you.
Your magical essence is drained by the effort!
You feel much better.
The gnoll shouts!
The gnoll hits you with a +0 flail.
The gnoll hits you with a +2 spear of venom.
You are more poisoned.
The orc hits you but does no damage.
You slash the gnoll!
The gnoll is heavily wounded.
You hit the gnoll. You barely miss the orc. The gnoll hits you with a +0 flail!
Ouch! That really hurt!
* * * LOW HITPOINT WARNING * * *
You don't have enough innate magic capacity.
You hit the gnoll but do no damage.
The gnoll is heavily wounded.
You closely miss the orc. You hit the gnoll. The gnoll closely misses you. x2
Unknown command.
You closely miss the gnoll.
The gnoll is heavily wounded.
You hit the gnoll.
Your leather armour prevents you from hitting the orc.
You hit the gnoll. The gnoll completely misses you.
The orc hits you but does no damage.
The gnoll hits you with a +2 spear of venom.
You die...

* *............# *
*, *
.#######.#...... ,
, , ,*
...,#.###.###* , #
♣.♣ #.# .#
*#.._..#.# ,
#.♣.♣.#.# ,
#.oo).#.# , ##o#
#.# , * ,
.####@g###.###.# ,
.....ggg.........#
##################
* ,


You could see 4 gnolls and 2 orcs.

Vanquished Creatures
  A leopard gecko (D:5)
  An orc (D:5)
2 creatures vanquished.

Notes
Turn   | Place    | Note
-------+----------+-------------------------------------------
     0 | D:5      | EnegeticOcto the Deep Dwarf Delver began the quest for the
                  | Orb.
     0 | D:5      | Reached XP level 1. HP: 20/20 MP: 1/1
     1 | D:5      | Found a glowing golden altar of the Shining One.
     2 | D:5      | Found a snail-covered altar of Cheibriados.
     2 | D:5      | Noticed a vampire mosquito
     2 | D:5      | Noticed a hippogriff
     5 | D:5      | Found a transporter.
    44 | D:5      | Found a hide-covered altar of Uskayaw.
    55 | D:5      | Slain by a gnoll

Illustrated notes

Levels and vault maps discovered:
D:5:      layout_loops_ring, nicolae_overflow_hidden_temple,
          gammafunk_temple_overflow_arena, kennysheep_little_box, serial_glass,
          glass_columns_c, glass_columns_a, minmay_strange_pillars

Action                   || total
-------------------------++-------
Melee: Hand axe          ||    12
 Abil: Heal Wounds       ||     1
Armor: Leather armour    ||     4
Dodge: Dodged            ||    18

Table legend: (Time is in decaauts)
 A = Elapsed time spent in this place.
 B = Non-inter-level travel time spent in this place.
 C = Inter-level travel time spent in this place.
 D = Time resting spent in this place.
 E = Time spent auto-exploring this place.
 F = Levels seen in this place.
 G = Mean time per level.
                   A        B        C        D        E       F      G
               +--------+--------+--------+--------+--------+-----+--------+
         Total |     56 |     56 |      0 |      0 |      0 |   1 |   56.0 |
       Dungeon |     56 |     56 |      0 |      0 |      0 |   1 |   56.0 |
               +--------+--------+--------+--------+--------+-----+--------+

Top non-repeatable levels by time:
     D:5: 56 daAuts
